 Dungeon Crawl Stone Soup version 0.31-a0-229-g1fc7ce93e2 (webtiles) character file.

Game seed: 8504549030885293397

84 qw the Shooter (level 4, -3/36 HPs)
             Began as a Minotaur Hexslinger on July 6, 2023.
             Slain by Sigmund
             ... wielding a +0 scythe
              (9 damage)
             ... on level 3 of the Dungeon.
             The game lasted 00:00:44 (1878 turns).

qw the Shooter (Minotaur Hexslinger)                Turns: 1878, Time: 00:00:44

Health: -3/36      AC:  4    Str: 13    XL:     4   Next: 24%
Magic:  4/4        EV: 12    Int: 10    God:
Gold:   108        SH:  0    Dex: 14    Spells: 4/5 levels left

rFire   . . .        Y - +1 sling (chaos)
rCold   . . .        (no shield)
rNeg    . . .        d - +0 leather armour
rPois   .            (helmet restricted)
rElec   .            b - +0 cloak
rCorr   .            (no gloves)
SInv    .            (no boots)
Will    .....        (no amulet)
Stlth   +            (no ring)
HPRegen 0.26/turn    (no ring)
MPRegen 0.09/turn

%: no passive effects
@: no status effects
A: horns 2, retaliatory headbutt
a: no special abilities


You were on level 3 of the Dungeon.
You visited 1 branch of the dungeon, and saw 3 of its levels.

You collected 108 gold pieces.


Innate Abilities, Weirdness & Mutations

You have a pair of horns on your head.
You reflexively headbutt those who attack you in melee.


   Skills:
 - Level 2.0 Fighting
 + Level 4.8 Ranged Weapons
 - Level 2.1 Dodging
 - Level 1.0 Spellcasting
 - Level 2.0 Hexes


You had 4 spell levels left.
You knew the following spells:

 Your Spells              Type           Power      Damage    Failure   Level
a - Slow                  Hex            16%        N/A       19%         1

Your spell library contained the following spells:

 Spells                   Type           Power      Damage    Failure   Level
 Inner Flame              Hex/Fire       2%         N/A       65%         3
 Portal Projectile        Hex/Tloc       4%         N/A       65%         3
 Cause Fear               Hex            2%         N/A       88%         4

Inventory:

Hand Weapons
 Y - a +1 sling of chaos (weapon)
Armour
 b - a +0 cloak (worn)
 d - a +0 leather armour (worn)
Scrolls
 a - 2 scrolls of identify
 h - a scroll of vulnerability {unknown}
Potions
 c - a potion of attraction {unknown}
 e - a potion of heal wounds
 f - a potion of might {unknown}
 g - a potion of enlightenment {unknown}
 i - a potion of brilliance {unknown}
 j - a potion of curing {unknown}
 k - a potion of cancellation {unknown}

Dungeon Overview and Level Annotations

Branches:
Dungeon (3/15)

Altars:

Annotations:
D:3 Sigmund


Message History

Sigmund shouts!
Enter note:
Enter note: You shoot a sling bullet.
The sling bullet closely misses Sigmund.
You shoot a sling bullet.
The sling bullet hits Sigmund but does no damage.
You shoot a sling bullet.
The sling bullet hits Sigmund but does no damage.
You shoot a sling bullet. The sling bullet barely misses Sigmund.
Sigmund casts a spell at you. The magic dart hits you.
You shoot a sling bullet. The sling bullet hits Sigmund.
Sigmund is lightly wounded.
Sigmund points at you and mumbles some strange words.
The magic dart hits you but does no damage.
You shoot a sling bullet. The sling bullet barely misses Sigmund.
Sigmund hits you from afar with a +0 scythe!
You shoot a sling bullet. The sling bullet hits Sigmund.
The sling bullet freezes Sigmund.
Sigmund is moderately wounded.
Sigmund mumbles some strange words.
Sigmund flickers and vanishes!
Deactivating autopickup; reactivate with Ctrl-A.
You shoot a sling bullet.
Nothing appears to happen.
You hear some strange, mumbled words.
A puff of flame appears from out of thin air!
The puff of flame hits you!
You shoot a sling bullet. Something barely misses you.
You shoot a sling bullet. Something hits you.
You shoot a sling bullet. You shoot a sling bullet. Something hits you!
You shoot a sling bullet.
Nothing appears to happen.
Something hits you but does no damage.
You shoot a sling bullet. Something hits you!
You die...

##....#####....####
#.....# ####..#########
..#.#..
##.........######
.##.###
########.......#### . ..
##########.......#...
....................>
###..........#...
#.#######..#############
#....{(@..## .###....###
........# .......##
####... ####


There were no monsters in sight!

Vanquished Creatures
  3 adders
  2 worms (D:2)
  5 bats
  An endoplasm (D:2)
  4 giant cockroaches
  5 goblins
  5 hobgoblins
  3 jackals (D:1)
  8 kobolds
  A quokka (D:2)
  6 ball pythons
  A frilled lizard (D:1)
  4 rats
48 creatures vanquished.

Notes
Turn   | Place    | Note
-------+----------+-------------------------------------------
     0 | D:1      | qw the Minotaur Hexslinger began the quest for the Orb.
     0 | D:1      | Reached XP level 1. HP: 16/16 MP: 1/1
     0 | D:1      | 0 ||| qw: Version: 0.3-a-46-gb1f654a
     0 | D:1      | 0 ||| qw: Game counter: 1621
     0 | D:1      | 0 ||| qw: Melee chars always use a shield: true
     0 | D:1      | 0 ||| qw: God list: Okawaru
     0 | D:1      | 0 ||| qw: Allow faded altars: false
     0 | D:1      | 0 ||| qw: Do Orc after clearing Dungeon:15 true
     0 | D:1      | 0 ||| qw: Do second Lair branch before Depths: true
     0 | D:1      | 0 ||| qw: Lair rune preference: random
     0 | D:1      | 0 ||| qw: Goals: Normal
     0 | D:1      | 0 ||| PLANNING D:1-11
   238 | D:1      | Reached skill level 3 in Ranged Weapons
   252 | D:1      | Reached XP level 2. HP: 23/23 MP: 2/2
   748 | D:1      | 748 ||| UPGRADING to +0 leather armour.
   758 | D:1      | 758 ||| DROPPING +0 robe.
   759 | D:1      | 759 ||| DROPPING amulet of magic regeneration.
   760 | D:1      | 760 ||| READING 3 scrolls labelled PEUVVE JUPISSA.
   761 | D:1      | 761 ||| READING scroll labelled BIUZUT SERUI.
   762 | D:1      | 762 ||| READING 2 scrolls of identify.
   762 | D:1      | 762 ||| IDENTIFYING green potion
   763 | D:1      | 763 ||| DROPPING scroll of poison.
   827 | D:2      | Reached XP level 3. HP: 29/29 MP: 3/3
  1063 | D:2      | Reached skill level 4 in Ranged Weapons
  1480 | D:2      | Reached XP level 4. HP: 36/36 MP: 4/4
  1611 | D:2      | 1611 ||| READING scroll labelled LUHESEMYPO.
  1612 | D:2      | 1612 ||| READING 2 scrolls labelled WEOWINKIHA.
  1674 | D:2      | 1674 ||| READING scroll labelled QUTOUSTR DOC NUTO.
  1679 | D:2      | 1679 ||| READING scroll labelled TEFIAL APNAUNT.
  1680 | D:2      | 1680 ||| DROPPING scroll of torment.
  1764 | D:3      | 1764 ||| FLEEEEING.
  1768 | D:3      | 1768 ||| STAIRDANCE
  1780 | D:2      | 1780 ||| UPGRADING to +0 cloak.
  1864 | D:3      | Noticed Sigmund
  1876 | D:3      | HP: 6/36 [something (9)]
  1878 | D:3      | Slain by Sigmund

Levels and vault maps discovered:
D:1:      ncdulo_halloftheorcs, layout_basic
D:2:      layout_basic
D:3:      layout_rooms, uniq_sigmund

Skill      XL: |  1  2  3 |
---------------+----------+-----
Ranged Weapons | 3 4 |  4.8
Fighting       | 2 |  2.0
Dodging        | |  2.1
Spellcasting   | |  1.0
Hexes          | |  2.0

Action                     |  1- 3 |  4- 6 || total
---------------------------+-------+-------++-------
   Fire: Sling             |   117 |    36 ||   153
    Use: Scroll            |     3 |     4 ||     7
 Armour: Robe              |     5 |       ||     5
         Leather armour    |     7 |     6 ||    13
  Dodge: Dodged            |    27 |     7 ||    34

Table legend:
 A = Non-vault XP
 B = Vault XP
 C = Vault XP percentage of total XP
 D = Non-vault monster count
 E = Vault monster count
 F = Vault count percentage of total count
                 A         B        C        D         E       F
            +---------+---------+-------+---------+---------+-------
      Total |     121 |       0 |   0.0 |      48 |       0 |   0.0
            +---------+---------+-------+---------+---------+-------
        D:1 |      37 |       0 |   0.0 |      22 |       0 |   0.0
        D:2 |      66 |       0 |   0.0 |      22 |       0 |   0.0
        D:3 |      18 |       0 |   0.0 |       4 |       0 |   0.0
            +---------+---------+-------+---------+---------+-------
